 Dungeon Crawl Stone Soup version 0.28-a0-1212-gc6b4282bc0 (webtiles) character file.

Game seed: 9080934719403866136

31539 ChaosChampion the Placeless Ogre (level 13, -19/117 (140) HPs)
             Began as an Ogre Warper on Dec 21, 2021.
             Was a High Priest of Okawaru.
             Killed from afar by Josephine (25 damage)
             ... with a ghostly fireball
             ... in the Arena.
             The game lasted 00:31:54 (25071 turns).

ChaosChampion the Placeless Ogre (Ogre Warper)     Turns: 25071, Time: 00:31:54

HP:   -19/117 (140) AC: 27    Str: 30    XL:     13   Next: 58%
MP:   3/26          EV:  6    Int: 16    God:    Okawaru [*****.]
Gold: 1153          SH:  0    Dex: 10    Spells: 24/31 levels left

rFire   + . .      SeeInvis +   z - +2 bardiche (vamp)
rCold   + . .      Faith    .   (shield currently unavailable)
rNeg    . . .      Spirit   .   i - +2 gold dragon scales "Cumutzi" {rPois rF+ rC+ Str+2 Dex+2 SInv}
rPois   +          Reflect  .   H - +2 hat {Stlth+}
rElec   .          Harm     .   (no cloak)
rCorr   .          Rampage  .   (gloves unavailable)
Will    +....                   (boots unavailable)
Stlth   ..........              G - amulet of regeneration
HPRegen 1.09/turn               f - +4 ring of protection
MPRegen 0.20/turn               w - +6 ring of strength

@: heroic, hasted and slowed, heavily drained, duelling
A: large, unfitting armour, tough skin 1, clever 1, sense surroundings 1, poison
resistance, noise suppression
a: Renounce Religion, Heroism, Finesse, Duel


You were in the Arena.
You worshipped Okawaru.
Okawaru was extremely pleased with you.
You visited 3 branches of the dungeon, and saw 18 of its levels.
You also visited: Bailey.

You collected 1153 gold pieces.

Inventory:

Hand Weapons
 b - a +0 giant spiked club
 z - a +2 vampiric bardiche (weapon)
 F - a +0 executioner's axe of electrocution
Missiles
 A - 5 large rocks (quivered)
 D - a throwing net
 L - 5 boomerangs
Armour
 i - the +2 gold dragon scales "Cumutzi" (worn) {rPois rF+ rC+ Str+2 Dex+2 SInv}
   (You acquired it on level 4 of the Dungeon)

   Str:       It affects your strength (+2).
   Dex:       It affects your dexterity (+2).
   rF:        It protects you from fire.
   rC:        It protects you from cold.
   rPois:     It protects you from poison.
   SInv:      It lets you see invisible.
 H - a +2 hat of stealth (worn)
Jewellery
 f - a +4 ring of protection (left hand)
 j - a +6 ring of dexterity
 w - a +6 ring of strength (right hand)
 B - an amulet of the acrobat
 C - an amulet of faith
 G - an amulet of regeneration (around neck)
Wands
 p - a wand of flame (42)
 r - a wand of paralysis (7)
 s - a wand of charming (7)
 E - a wand of iceblast (3)
 I - a wand of acid (6)
 K - a wand of mindburst (7)
Scrolls
 c - a scroll of blinking
 e - 5 scrolls of teleportation
 h - 2 scrolls of fear
 o - 4 scrolls of amnesia
 q - 3 scrolls of fog
 t - 3 scrolls of enchant armour
 x - 2 scrolls of noise
 y - 11 scrolls of identify
Potions
 a - 2 potions of might {unknown}
 d - a potion of attraction {unknown}
 g - 3 potions of curing
 k - 3 potions of mutation
 l - a potion of cancellation {unknown}
 n - a potion of resistance
 u - 3 potions of flight
 v - a potion of lignification
 J - 2 potions of brilliance {unknown}


   Skills:
 - Level 12.1(17.1) Fighting
 + Level 4.0(9.0) Maces & Flails
 - Level 6.9(11.9) Polearms
 - Level 1.0(6.0) Throwing
 - Level 6.0(11.0) Armour
 - Level 2.1(7.1) Dodging
 + Level 9.9 Spellcasting
 * Level 13.9 Translocations
 - Level 6.0 Invocations


You had 24 spell levels left.
You knew the following spells:

 Your Spells              Type           Power      Damage    Failure   Level
a - Manifold Assault      Tloc           51%        N/A       19%         5
z - Blink                 Tloc           100%       N/A       1%          2

Your spell library contained the following spells:

 Spells                   Type           Power      Damage    Failure   Level
 Gell's Gravitas          Tloc           51%        N/A       1%          3
 Lesser Beckoning         Tloc           51%        N/A       1%          3
 Teleport Other           Tloc           51%        N/A       1%          3
 Iskenderun's Mystic Bla  Conj/Tloc      30%        2d8       75%         4
 Foxfire                  Conj/Fire      28%        2x1d5     91%         1
 Freeze                   Ice            28%        1d5       91%         1
 Slow                     Hex            28%        N/A       91%         1
 Ensorcelled Hibernation  Hex/Ice        14%        N/A       97%         2
 Passwall                 Tmut/Erth      5%         N/A       97%         2
 Static Discharge         Conj/Air       7%         N/A       97%         2
 Confusing Touch          Hex            7%         N/A       99%         3
 Conjure Flame            Conj/Fire      7%         6-21      99%         3
 Frozen Ramparts          Ice            14%        1d3       99%         3
 Inner Flame              Hex/Fire       7%         N/A       99%         3
 Spider Form              Tmut/Pois      7%         N/A       99%         3
 Swiftness                Air            7%         N/A       99%         3
 Airstrike                Air            3%         N/A       100%        4
 Dispel Undead            Necr           7%         3d8       100%        4
 Flame Wave               Conj/Fire      7%         2d4       100%        4
 Fulminant Prism          Conj/Hex       3%         3d6       100%        4
 Hailstorm                Conj/Ice       7%         3d4       100%        4
 Ice Form                 Ice/Tmut       7%         N/A       100%        4
 Sticky Flame             Conj/Fire      7%         2d3       100%        4
 Lee's Rapid Deconstruct  Erth           3%         3d6*      100%        5
 Lightning Bolt           Conj/Air       3%         1d15      100%        5
 Yara's Violent Unravell  Hex/Tmut       3%         3d4       100%        5
 Summon Lightning Spire   Summ/Air       Unusable   N/A       N/A         4
 Simulacrum               Ice/Necr       Unusable   N/A       N/A         6

Dungeon Overview and Level Annotations

Branches:
Dungeon (13/15)            Temple (1/1) D:6            Lair (4/6) D:9
 Shoals (0/4) Lair:2       Spider (0/4) Lair:2          Orc (0/2) D:12
 Bailey (visited)
 Vaults: D:13-14

Altars:
Ashenzari
Cheibriados
Dithmenos
Elyvilon
Fedhas
Gozag
Hepliaklqana
Kikubaaqudgha
Makhleb
Nemelex Xobeh
Okawaru
Qazlal
Ru
Sif Muna
Trog
Uskayaw
Vehumet
Wu Jian
Xom
Yredelemnul
Zin
The Shining One

Annotations:
D:13 Snorg Arena Josephine


Innate Abilities, Weirdness & Mutations

You are too large for most types of armour.
You have tough skin. (AC +1)
Your mind is acute. (Int +2)
You passively map a small area around you.
Your system is resistant to poisons. (rPois)
You passively dampen the noise of your surroundings.


Message History

The death yak bellows! x2; You hear a bellow!
As you read the scroll of teleportation, it crumbles to dust.
You feel strangely unstable.
Your surroundings suddenly seem different.
Found a scroll of teleportation.
Josephine gestures at you while chanting.
The ghostly flame explodes!
The ghostly fireball engulfs you!!
You feel drained.
* * * LOW HITPOINT WARNING * * *
The ghostly fireball engulfs the plant!!
The plant is drained!
The plant begins to die.
Okay, then.
Aiming: Duel (45% risk of failure)
Press: ? - help, Dir - move target, f - Josephine
Aim: Josephine, wielding a +2 dagger of distortion and wearing a +0 robe (moderately wounded)
You enter into single combat with Josephine!
The world spins around you as you enter the gateway.
You enter Okawaru's Arena!
The spectator shouts! x12
Josephine hits you but does no damage.
You blink.
You gain the combat prowess of a mighty hero.
You slice Josephine!!
Josephine is heavily wounded.
Josephine points at you and mumbles some strange words.
The ghostly flame explodes!
The ghostly fireball engulfs you!
You feel drained.
* * * LOW HITPOINT WARNING * * *
The ghostly fireball engulfs Josephine.
Josephine completely resists.
Josephine casts a spell at you.
The ghostly flame explodes!
The ghostly fireball engulfs you!
You feel drained.
* * * LOW HITPOINT WARNING * * *
The ghostly fireball engulfs Josephine.
Josephine completely resists.
Okay, then.
You feel yourself speed up. Josephine draws life force from you!
* * * LOW HITPOINT WARNING * * *
Josephine is healed by the life force!
Josephine casts a spell at you.
The ghostly flame explodes!
The ghostly fireball engulfs you!!
You feel drained.
You die...
Okawaru crowns Josephine victorious!

##..▓▓▓▓▓..##
##.p▓▓...▓▓p.##
#.p▓▓.....▓▓p.#
#p▓▓.......▓▓.#
#▓▓.........▓▓#
#▓.....∩.....▓#
#▓▓.........▓▓#
#.▓▓..@....▓▓.#
#.p▓▓@....▓▓..#
##.p▓▓...▓▓..##
##.p▓▓▓▓▓p.##
##...#pp.##
#########


You could see Josephine.

Vanquished Creatures
  Gastronok (Lair:2)
  3 boulder beetles
  5 hydras
  Erica (D:9)
  2 two-headed ogres
  Urug (Lair:2)
  The ghost of Bapho the Blocker, a novice TrFi of Ru (D:7)
  A deep elf pyromancer (D:12)
  2 cyclopes
  A manticore (Lair:4)
  A black mamba (Lair:2)
  A rime drake (Lair:2)
  3 cane toads
  2 unseen horrors
  3 komodo dragons
  An efreet (D:13)
  3 trolls
  A polar bear (Lair:1)
  A hornet (D:9)
  6 dream sheep (Lair:2)
  Prince Ribbit (D:6)
  The ghost of xoxolimbo the Firebug, an amateur DsFE (D:4)
  Sigmund (D:5)
  2 vampires (D:9)
  37 yaks
  A wyvern (Lair:2)
  A centaur simulacrum (D:11)
  6 wraiths
  2 shadows
  A basilisk (shapeshifter) (D:9)
  3 steam dragons
  Menkaure (D:6)
  2 wargs (D:9)
  2 vampire mosquitoes (D:12)
  8 water moccasins
  A hornet zombie (D:6)
  4 ice beasts
  A sky beast (D:6)
  4 orc warriors
  5 ogres
  3 black bears
  14 wolves
  9 centaurs
  4 kobold brigands
  6 bullfrogs
  3 gnoll sergeants
  7 scorpions
  A wyvern zombie (D:8)
  A wyvern skeleton (D:6)
  8 wights
  4 killer bees
  A howler monkey (D:5)
  2 jellies
  A bullfrog zombie (D:5)
  2 centaur zombies
  10 orc priests
  2 iguanas
  8 orc wizards
  10 gnolls
  3 adders
  A howler monkey skeleton (D:2)
  2 white imps
  7 worms
  6 dart slugs
  38 orcs
  6 ball pythons
  6 bats
  2 endoplasms
  A giant cockroach (Lair:2)
  7 goblins
  5 hobgoblins
  3 jackals (D:1)
  9 kobolds
  3 quokkas
  A frilled lizard (D:1)
  7 rats
327 creatures vanquished.

Vanquished Creatures (others)
  A rime drake (Lair:3)
  22 fungi
  18 plants
  2 withered plants (D:7)
43 creatures vanquished.

Grand Total: 370 creatures vanquished

Notes
Turn   | Place    | Note
-------+----------+-------------------------------------------
     0 | D:1      | ChaosChampion the Ogre Warper began the quest for the Orb.
     0 | D:1      | Reached XP level 1. HP: 22/22 MP: 3/3
    18 | D:1      | Reached XP level 2. HP: 17/31 MP: 3/5
   802 | D:1      | Reached XP level 3. HP: 34/36 MP: 5/7
  1141 | D:1      | Found a faded altar of an unknown god.
  1898 | D:2      | Reached XP level 4. HP: 29/48 MP: 8/8
  2155 | D:2      | Reached skill level 1 in Polearms
  2658 | D:3      | Found an opulent altar of Gozag.
  3605 | D:4      | Identified a scroll of acquirement
  3605 | D:4      | Acquired the +2 gold dragon scales "Cumutzi" {rPois rF+ rC+
                  | Str+2 Dex+2 SInv}
  4071 | D:4      | Found a runed translucent door.
  4074 | D:4      | Noticed xoxolimbo's ghost (amateur DsFE)
  4181 | D:4      | Found a hide-covered altar of Uskayaw.
  4757 | D:4      | Killed xoxolimbo's ghost
  4758 | D:4      | Reached skill level 5 in Fighting
  4758 | D:4      | Reached skill level 1 in Armour
  4758 | D:4      | Reached XP level 5. HP: 54/57 MP: 9/11
  4758 | D:4      | Reached XP level 6. HP: 62/66 MP: 9/12
  4816 | D:5      | Entered Level 5 of the Dungeon
  4842 | D:5      | Noticed a black bear
  4849 | D:5      | Killed a black bear
  4890 | D:5      | Reached XP level 7. HP: 72/72 MP: 13/13
  4924 | D:5      | Gained mutation: You passively map a small area around you.
                  | [potion of mutation]
  4924 | D:5      | Gained mutation: You have hidden genetic potential. [potion
                  | of mutation]
  4924 | D:5      | Gained mutation: Your system is resistant to poisons.
                  | (rPois) [potion of mutation]
  4981 | D:5      | Reached skill level 5 in Spellcasting
  5077 | D:5      | Noticed Sigmund
  5086 | D:5      | Killed Sigmund
  5238 | D:5      | Reached XP level 8. HP: 84/84 MP: 16/16
  5345 | D:5      | Gained mutation: You passively dampen the noise of your
                  | surroundings. [hidden potential]
  6172 | D:6      | Found a staircase to the Ecumenical Temple.
  6185 | Temple   | Entered the Ecumenical Temple
  6605 | D:6      | Reached skill level 5 in Polearms
  6763 | D:6      | Reached XP level 9. HP: 91/96 MP: 18/18
  6852 | D:6      | Noticed Prince Ribbit
  6857 | D:6      | Found a burning altar of Makhleb.
  6864 | D:6      | Killed Prince Ribbit
  6865 | D:6      | Reached skill level 3 in Translocations
  6886 | D:6      | Gained mutation: Your mind is acute. (Int +2) [hidden
                  | potential]
  6886 | D:6      | Lost mutation: You have hidden genetic potential. [hidden
                  | potential expressed]
  7073 | D:6      | Noticed Menkaure
  7088 | D:6      | Killed Menkaure
  7287 | D:6      | Noticed a two-headed ogre
  7972 | D:6      | Found a staircase to the Ecumenical Temple.
  7987 | D:6      | Killed a two-headed ogre
  8168 | D:6      | Found a burning altar of Makhleb.
  8957 | D:7      | Reached skill level 4 in Translocations
  9110 | D:7      | Found a runed translucent door.
  9113 | D:7      | Noticed Bapho's ghost (novice TrFi)
  9137 | D:7      | Reached skill level 5 in Armour
  9357 | D:7      | Found an iron altar of Okawaru.
  9457 | D:7      | Became a worshipper of Warmaster Okawaru
  9771 | D:7      | Killed Bapho's ghost
  9772 | D:7      | Reached XP level 10. HP: 47/109 MP: 20/22
 10106 | D:8      | Reached skill level 10 in Fighting
 10106 | D:8      | Reached skill level 5 in Translocations
 10306 | D:8      | Reached * piety under Okawaru
 10659 | D:8      | Reached ** piety under Okawaru
 11246 | D:9      | Noticed Erica
 11268 | D:9      | Killed Erica
 11269 | D:9      | Reached skill level 1 in Invocations
 11488 | D:9      | Found a basalt altar of Yredelemnul.
 11499 | D:9      | Found an ornate altar of the Wu Jian Council.
 11726 | D:9      | Found a staircase to the Lair.
 11737 | D:9      | Reached skill level 6 in Translocations
 11737 | D:9      | Reached XP level 11. HP: 119/119 MP: 24/24
 12299 | D:9      | Reached *** piety under Okawaru
 12842 | D:9      | Noticed a boulder beetle
 12902 | D:9      | Killed a boulder beetle
 13283 | D:9      | Learned a level 2 spell: Blink
 13306 | D:9      | Reached **** piety under Okawaru
 13764 | D:9      | Found a stormy altar of Qazlal.
 13769 | D:9      | Found a broken altar of Ashenzari.
 13838 | D:10     | Entered Level 10 of the Dungeon
 13925 | D:10     | Found a sacrificial altar of Ru.
 14530 | D:10     | Found a blossoming altar of Fedhas.
 14632 | D:10     | Reached skill level 7 in Translocations
 14973 | D:11     | Reached skill level 5 in Invocations
 15533 | D:11     | Noticed a cyclops
 15541 | D:11     | Killed a cyclops
 15643 | D:11     | Reached ***** piety under Okawaru
 15644 | D:11     | Reached skill level 8 in Translocations
 16162 | D:12     | Reached XP level 12. HP: 109/130 MP: 25/25
 16272 | D:12     | Noticed a boulder beetle
 16293 | D:12     | Killed a boulder beetle
 16294 | D:12     | Reached skill level 9 in Translocations
 16365 | D:12     | Received a gift from Okawaru
 16525 | D:12     | Found a flagged portal.
 16546 | Bailey   | Entered a bailey
 17129 | D:12     | Found a staircase to the Orcish Mines.
 17206 | D:12     | Reached skill level 10 in Translocations
 17692 | D:12     | Noticed a two-headed ogre
 17699 | D:12     | Killed a two-headed ogre
 18064 | D:13     | Noticed Snorg
 18216 | D:13     | HP: 5/130 [Snorg (16)]
 18711 | Lair:1   | Entered Level 1 of the Lair of Beasts
 19191 | Lair:1   | Reached skill level 11 in Translocations
 19783 | Lair:2   | Noticed a boulder beetle
 19799 | Lair:2   | Killed a boulder beetle
 20178 | Lair:2   | Reached skill level 12 in Translocations
 20418 | Lair:2   | Noticed Gastronok
 20439 | Lair:2   | Killed Gastronok
 20440 | Lair:2   | Reached XP level 13. HP: 119/137 MP: 26/26
 20762 | Lair:2   | Learned a level 5 spell: Manifold Assault
 20790 | Lair:2   | Received a gift from Okawaru
 20791 | Lair:2   | Reached skill level 13 in Translocations
 21161 | Lair:2   | Found a hole to the Spider Nest.
 21535 | Lair:2   | Found a staircase to the Shoals.
 21552 | Lair:2   | Noticed Urug
 21554 | Lair:2   | Paralysed by Urug for 7 turns
 21568 | Lair:2   | Killed Urug
 22599 | Lair:3   | Reached ****** piety under Okawaru
 22805 | Lair:3   | Received a gift from Okawaru
 24353 | Lair:4   | HP: 7/140 [four-headed hydra (10)]
 25037 | Lair:4   | Noticed Josephine
 25068 | Arena    | Entered the Arena
 25071 | Arena    | HP: 6/123 [Josephine/vampiric draining (8)]
 25071 | Arena    | Killed from afar by Josephine

Illustrated notes

Levels and vault maps discovered:
D:1:      minmay_arrival_floating_metal, layout_basic,
          ebering_ecumenical_altar_sacrificial, minmay_misc_feat_pillars,
          skrybe_limestone_x, minmay_tromino_v4_c
D:2:      layout_basic, kennysheep_cluttered_room
D:3:      layout_basic, nicolae_gozag_cash_rules_everything_around_me
D:4:      layout_layer_cave, general_overflow_altar, serial_forest,
          infiniplex_forest_clump_C, infiniplex_forest_clump_medium,
          infiniplex_forest_end_3, infiniplex_forest_corner_2,
          infiniplex_forest_lined_ring, hellmonk_ghost_happy_afterlife
D:5:      layout_gridville, minivault_23, amcnicky_mini_rare_corridor_liquid,
          eino_tiny_chamber, hangedman_abyss_or_decor_jellyfish_corner,
          uniq_sigmund
D:6:      layout_basic, mainiacjoe_overflow_alcove_2, temple_fountains,
          uniq_menkaure, uniq_prince_ribbit1
D:7:      layout_loops_ring, mainiacjoe_overflow_tiny_flanked,
          gammafunk_ghost_grave
D:8:      layout_rooms
D:9:      kennysheep_blocky_room, layout_loops_corners, minitemple,
          erik_lair_orcish_takeover, uniq_erica
D:10:     layout_basic, hangedman_ru_absence, fedhas_altar_1
D:11:     layout_loops_cross, gauntlet_entry_generic
D:12:     layout_long_grid, kennysheep_orc_monster_closet_entryway,
          enter_bailey_7
D:13:     layout_rooms, serial_shops, shop, kennysheep_mini_moat,
          nicolae_shop_overgrown_old_shop, nicolae_square_shop,
          nicolae_shop_waterfront, uniq_azrael, uniq_snorg
Temple:   nicolae_temple_x_marks_the_god
Lair:1:   layout_regular_city, grunt_megastairs_1
Lair:2:   layout_cave_pods, shoals_dummy_entry,
          nicolae_spider_entry_non_spiders, uniq_gastronok, uniq_urug
Lair:3:   layout_regular_city, lemuel_old_faithful, lemuel_fruit_fields
Lair:4:   nzn_motion_control, layout_layer_cave, grunt_megastairs_5,
          serial_bayou_shore_a, lemuel_fruit_fields, uniq_josephine
Arena

Skill      XL: |  1  2  3  4  5  6  7  8  9 10 11 12 13 |
---------------+----------------------------------------+-----
Fighting       | 3 5 6 7 9 10 11 12 | 12.1
Maces & Flails | 2 4 |  4.0
Spellcasting   | 3 4 5 6 8 9 |  9.9
Polearms       | 2 3 5 6 |  6.9
Armour         | 1 2 4 5 6 |  6.0
Translocations | 4 6 8 12 13 | 13.9
Invocations    | 2 6 |  6.0
Throwing       | |  1.0
Dodging        | |  2.1

Action                   |  1- 3 |  4- 6 |  7- 9 | 10-12 | 13-15 || total
-------------------------+-------+-------+-------+-------+-------++-------
Melee: Mace              |    74 |       |       |       |       ||    74
       Demon trident     |    34 |    77 |   218 |   750 |    70 ||  1149
       Punch             |       |       |       |     1 |       ||     1
       Giant spiked club |       |       |       |       |   131 ||   131
       Bardiche          |       |       |       |       |   123 ||   123
Throw: Boomerang         |       |       |       |    13 |     1 ||    14
       Large rock        |       |       |       |       |     4 ||     4
 Cast: Manifold Assault  |       |       |       |       |    65 ||    65
Invok: Heroism           |       |       |       |     3 |     1 ||     4
       Finesse           |       |       |       |     1 |       ||     1
       Duel              |       |       |       |       |     1 ||     1
  Use: Scroll            |       |     4 |    10 |     6 |     6 ||    26
       Potion            |       |       |     1 |     4 |     3 ||     8
 Stab: Sleeping          |     1 |     1 |       |       |       ||     2
Armor: Robe              |    52 |     9 |       |       |       ||    61
       Gold dragon scale |       |    38 |   160 |   567 |   485 ||  1250
Dodge: Dodged            |    56 |    14 |    17 |   128 |   114 ||   329

Table legend: (Time is in decaauts)
 A = Elapsed time spent in this place.
 B = Non-inter-level travel time spent in this place.
 C = Inter-level travel time spent in this place.
 D = Time resting spent in this place.
 E = Time spent auto-exploring this place.
 F = Levels seen in this place.
 G = Mean time per level.
                   A        B        C        D        E       F      G
               +--------+--------+--------+--------+--------+-----+--------+
         Total |  25306 |  24574 |    732 |   3900 |  17300 |  20 | 1265.3 |
       Dungeon |  18614 |  18010 |    604 |   2638 |  13176 |  13 | 1431.8 |
        Temple |    111 |    111 |      0 |      0 |     58 |   1 |  111.0 |
          Lair |   6536 |   6409 |    127 |   1262 |   4066 |   4 | 1634.0 |
        Bailey |     38 |     38 |      0 |      0 |      0 |   1 |   38.0 |
         Arena |      4 |      4 |      0 |      0 |      0 |   1 |    4.0 |
               +--------+--------+--------+--------+--------+-----+--------+

Top non-repeatable levels by time:
     D:9: 2607 daAuts
  Lair:2: 2596 daAuts
    D:12: 2422 daAuts
     D:6: 2253 daAuts
  Lair:3: 1974 daAuts
     D:5: 1718 daAuts
     D:1: 1554 daAuts
    D:11: 1270 daAuts
     D:4: 1241 daAuts
     D:8: 1207 daAuts
     D:7: 1124 daAuts
    D:10: 1076 daAuts
     D:2: 1068 daAuts
  Lair:1: 1068 daAuts
     D:3: 1023 daAuts
